 Dungeon Crawl Stone Soup version 0.25-a0-435-g4b9beb1024 (webtiles) character file.

Game seed: 7110111370078427042, levelgen mode: deterministic

16 Methel the Grave Robber (level 2, 19/19 HPs)
             Began as a Human Necromancer on Jan 29, 2020.
             Quit the game on level 2 of the Dungeon.
             The game lasted 00:10:35 (1310 turns).

Methel the Grave Robber (Human Necromancer)         Turns: 1310, Time: 00:10:36

Health: 19/19      AC:  2    Str:  8    XL:     2   Next: 70%
Magic:  5/5        EV: 12    Int: 15    God:
Gold:   57         SH:  0    Dex: 13    Spells: 3/5 levels left

rFire    . . .     SeeInvis .   e - -3 hand axe (curse)
rCold    . . .     Gourm    .   (no shield)
rNeg     . . .     Faith    .   a - +0 robe
rPois    .         Spirit   .   (no helmet)
rElec    .         Reflect  .   (no cloak)
rCorr    .         Harm     .   (no gloves)
MR       .....                  (no boots)
Stlth    ++........             (no amulet)
HPRegen  0.06/turn              (no ring)
MPRegen  0.09/turn              (no ring)

@: no status effects
A: no striking features
a: no special abilities


You were on level 2 of the Dungeon.
You were not hungry.

You visited 1 branch of the dungeon, and saw 2 of its levels.

You collected 57 gold pieces.

Inventory:

Hand Weapons
 e - a cursed -3 hand axe (weapon)
Missiles
 b - 107 stones (quivered)
 f - 9 boomerangs
Armour
 a - a +0 robe (worn)
 g - a +0 pair of gloves
Jewellery
 k - an uncursed ring of ice {unknown}
Wands
 p - a wand of polymorph (6)
Scrolls
 d - a scroll of remove curse {unknown}
 j - 2 scrolls of identify {unknown}
 m - 2 scrolls of immolation {unknown}
 n - a scroll of amnesia {unknown}
 o - a scroll of teleportation {unknown}
Potions
 h - a potion of magic {unknown}
 i - 2 potions of heal wounds {unknown}
 q - a potion of haste {unknown}
Comestibles
 c - 2 rations
 l - a chunk of flesh


   Skills:
 + Level 0.2 Axes
 + Level 2.0 Dodging
 + Level 2.0 Stealth
 + Level 2.1 Spellcasting
 + Level 4.5 Necromancy


You had 3 spell levels left.
You knew the following spells:

 Your Spells              Type           Power        Failure   Level  Hunger
a - Pain                  Necr           ###.         3%          1    #......
b - Animate Skeleton      Necr           N/A          3%          1    #......

Your spell library contained the following spells:

 Spells                   Type           Power        Failure   Level  Hunger
 Vampiric Draining        Necr           ###.......   11%         3    ###....
 Animate Dead             Necr           N/A          34%         4    #####..
 Agony                    Necr           ###.....     67%         5    ######.


Dungeon Overview and Level Annotations

Branches:
Dungeon (2/15)

Altars:


Message History

Attack!
Your kobold skeleton closely misses the rat.
The rat barely misses you.
You closely miss the rat.
Your kobold skeleton hits the rat with a +0 short sword.
The rat barely misses your kobold skeleton.
You hit the rat.
You kill the rat!
You see here a rat corpse.
You butcher the rat corpse.
l - 2 chunks of flesh (gained 1)
You see here a rat skeleton.
HP restored.
c - 2 rations (gained 1) Eating one of 2 chunks of flesh.
You eat one of the 2 chunks of flesh.
This raw flesh tastes terrible.
Found a ring mail.
Welcome back, Methel the Human Necromancer.
Press ? for a list of commands and other information.
Are you sure you want to abandon this character and quit the game? (Confirm with "yes".)

#.................
#.#...#.##.#....#.
#.#...#.##.##.#.#.
#................. #
#.................
#.##.##..........#...
#........#.##.#....#.
#..#.##..#.##........
#..#@##..............
#..#.##..######..#.#.
#..#.# ..........#.#.
#..#.# >.............
...... ..######..#.#.
###..$ .#####..#.#.
... .........#.##
#...[ ..######.....
###.##


There were no monsters in sight!

Vanquished Creatures
  A ball python (D:2)
  2 bats (D:1)
  A goblin (D:1)
  A hobgoblin (D:1)
  4 kobolds
  A frilled lizard (D:1)
  3 rats
13 creatures vanquished.

Vanquished Creatures (collateral kills)
  3 hobgoblins (D:1)
3 creatures vanquished.

Grand Total: 16 creatures vanquished

Notes
Turn   | Place    | Note
-------+----------+-------------------------------------------
     0 | D:1      | Methel the Human Necromancer began the quest for the Orb.
     0 | D:1      | Reached XP level 1. HP: 13/13 MP: 3/3
   103 | D:1      | Learned a level 1 spell: Animate Skeleton
   564 | D:1      | Reached XP level 2. HP: 17/19 MP: 1/5
  1310 | D:2      | Quit the game

Levels and vault maps discovered:
D:1:      dpeg_arrival_arbitrary_a, layout_rooms
D:2:      layout_basic, lemuel_coloured_pillars_altar, uniq_sigmund

Action                   || total
-------------------------++-------
Melee: Hand axe          ||    18
 Cast: Pain              ||    18
       Animate Skeleton  ||     3
  Eat: Chunk             ||     2
Armor: Robe              ||     7
Dodge: Dodged            ||    27

Table legend:
 A = Non-vault XP
 B = Vault XP
 C = Vault XP percentage of total XP
 D = Non-vault monster count
 E = Vault monster count
 F = Vault count percentage of total count
                 A         B        C        D         E       F
            +---------+---------+-------+---------+---------+-------
      Total |      23 |       0 |   0.0 |      16 |       0 |   0.0
            +---------+---------+-------+---------+---------+-------
        D:1 |      18 |       0 |   0.0 |      12 |       0 |   0.0
        D:2 |       5 |       0 |   0.0 |       4 |       0 |   0.0
            +---------+---------+-------+---------+---------+-------
